 Dungeon Crawl Stone Soup version 0.26-a0-664-gc8b27b8fc1 (webtiles) character file.

Game seed: 4702578022566356994

23 Kinoniko the Bolt Thrower (level 3, -4/24 HPs)
             Began as a Halfling Hunter on Oct 13, 2020.
             Slain by a bullfrog (6 damage)
             ... on level 2 of the Dungeon.
             The game lasted 00:01:43 (896 turns).

Kinoniko the Bolt Thrower (Halfling Hunter)          Turns: 896, Time: 00:01:43

Health: -4/24      AC:  6    Str: 14    XL:     3   Next: 10%
Magic:  3/3        EV: 12    Int:  9    God:
Gold:   37         SH:  0    Dex: 14    Spells: 2/2 levels left

rFire    . . .     SeeInvis .   b - +0 short sword
rCold    . . .     Faith    .   (shield restricted)
rNeg     . . .     Spirit   .   i - +0 scale mail
rPois    .         Reflect  .   (no helmet)
rElec    .         Harm     .   (no cloak)
rCorr    .         Rampage  .   (no gloves)
MR       .....                  (no boots)
Stlth    ..........             (no amulet)
HPRegen  0.08/turn              (no ring)
MPRegen  0.08/turn              (no ring)

@: no status effects
A: small, mutation resistance 1
a: no special abilities


You were on level 2 of the Dungeon.
You visited 1 branch of the dungeon, and saw 2 of its levels.

You collected 37 gold pieces.

Inventory:

Hand Weapons
 a - a +1 hand crossbow
 b - a +0 short sword (weapon)
Missiles
 d - 10 bolts
Armour
 c - a +0 leather armour
 i - a +0 scale mail (worn)
Scrolls
 e - a scroll of amnesia {unknown}
 g - a scroll of noise {unknown}
 k - a scroll of immolation {unknown}
Potions
 f - a potion of heal wounds {unknown}
 h - a potion of brilliance {unknown}
 j - a potion of curing {unknown}


   Skills:
 + Level 2.0 Fighting
 + Level 0.0 Short Blades
 * Level 5.2 Crossbows
 - Level 2.2 Dodging
 - Level 1.1 Stealth


You had 2 spell levels left.
You didn't know any spells.
Your spell library was empty.

Dungeon Overview and Level Annotations

Branches:
Dungeon (2/15)

Altars:


Innate Abilities, Weirdness & Mutations

You are small and have problems with some larger weapons.
You are somewhat resistant to further mutation.


Message History

The bullfrog is severely wounded.
The bullfrog completely misses you. The bullfrog barely misses you.
You hit the bullfrog.
The bullfrog is severely wounded.
The bullfrog hits you but does no damage.
Your scale mail prevents you from hitting the bullfrog.
The bullfrog is severely wounded.
The bullfrog hits you but does no damage.
The bullfrog barely misses you.
You hit the bullfrog.
The bullfrog is almost dead.
The bullfrog barely misses you. x2
You hit the bullfrog.
The bullfrog is almost dead.
The bullfrog hits you.
* * * LOW HITPOINT WARNING * * *
You hit the bullfrog but do no damage.
The bullfrog is almost dead.
The bullfrog hits you.
You die...

#. #. #. ##.##
...#### ##
.#####..... .
......F?.# .
#@.# .#
>.#####..###.#
.........#...
..#####.##.##
#........<.#
#.####.##..#
#.##..#
#.##..######
#..........#


You could see a bullfrog.

Vanquished Creatures
  A leopard gecko (D:1)
  2 giant cockroaches (D:1)
  3 goblins (D:1)
  3 hobgoblins (D:1)
  A frilled lizard (D:1)
  6 kobolds (D:1)
  5 rats
21 creatures vanquished.

Notes
Turn   | Place    | Note
-------+----------+-------------------------------------------
     0 | D:1      | Kinoniko the Halfling Hunter began the quest for the Orb.
     0 | D:1      | Reached XP level 1. HP: 14/14 MP: 1/1
    74 | D:1      | Reached XP level 2. HP: 19/19 MP: 2/2
   125 | D:1      | Reached skill level 5 in Crossbows
   673 | D:1      | Reached XP level 3. HP: 24/24 MP: 3/3
   884 | D:2      | Noticed a bullfrog
   896 | D:2      | Slain by a bullfrog

Illustrated notes

Levels and vault maps discovered:
D:1:      minmay_arrival_checkered_box, layout_basic, hangedman_decor_riveting
D:2:      layout_loops_ring, uniq_jessica, uniq_robin

Skill      XL: |  1  2  3 |
---------------+----------+-----
Crossbows      | 5 |  5.2
Fighting       | 2 |  2.0
Dodging        | |  2.2
Stealth        | |  1.1

Action                   || total
-------------------------++-------
Melee: Short sword       ||     8
 Fire: Hand crossbow     ||    44
Armor: Scale mail        ||     3
Dodge: Dodged            ||    17

Table legend: (Time is in decaauts)
 A = Elapsed time spent in this place.
 B = Non-inter-level travel time spent in this place.
 C = Inter-level travel time spent in this place.
 D = Time resting spent in this place.
 E = Time spent auto-exploring this place.
 F = Levels seen in this place.
 G = Mean time per level.
                   A        B        C        D        E       F      G
               +--------+--------+--------+--------+--------+-----+--------+
         Total |    906 |    866 |     40 |      0 |    738 |   2 |  453.0 |
       Dungeon |    906 |    866 |     40 |      0 |    738 |   2 |  453.0 |
               +--------+--------+--------+--------+--------+-----+--------+

Top non-repeatable levels by time:
     D:1: 812 daAuts
     D:2: 94 daAuts
